cohdb
Replays
Latest Replays
All Replays
Popular Replays
Top Player Replays
Match Explorer
How It Works
Community
CoH3 Stats
Reddit
Sign in to upload your games and track your stats! →
Sign in with Steam
Match 29442994
Unlisted
Match 29442994
Overview
Messages
Build Orders
End
Construct Section Command Post
Infantry Section
Selects Australian Defense Battlegroup
Selects Australian Light Infantry Section
Infantry Section
Dingo Light Scout Car
Infantry Section
Selects 2-pounder Anti-tank Gun Team
Vickers Machine Gun Team
Construct Field Infirmary
AI Takeover
Jelly Bean
jake
⚓️Ruby⚓
HulkSMASH
0
0
Comments
sign in to comment!
No comments posted yet!